[Event "Sautron op 15th"]
[Site "Sautron"]
[Date "2015.10.24"]
[Round "3.6"]
[White "Lejarre, Ludovic"]
[Black "Loiseau, Quentin"]
[Result "1/2-1/2"]
[ECO "C78"]
[WhiteElo "2342"]
[BlackElo "2449"]
[Annotator "RR"]
[PlyCount "82"]
[EventDate "2015.10.24"]
[EventType "swiss"]
[EventRounds "9"]
[EventCountry "FRA"]
[SourceTitle "CBM 169 Extra"]
[Source "ChessBase"]
[SourceDate "2015.12.18"]
[SourceVersion "1"]
[SourceVersionDate "2015.12.18"]
[SourceQuality "1"]
[TimeControl "40/5400+30:1800+30"]
[WhiteClock "0:29:31"]
[BlackClock "0:30:59"]

1. e4 e5 2. Nf3 Nc6 3. Bb5 a6 4. Ba4 Nf6 5. O-O Bc5 (5...
Be7) 6. d3 d6 7. c3 Ba7 (7... O-O 8. h3 (8. Nbd2) 8... Ba7 9. Re1 b5 10. Bc2 Ne7 11.
Nbd2 Ng6 12. Nf1 Re8 13. Ng3 Bb7 14. d4 c5 15. dxe5 dxe5 16. Qxd8 Raxd8 17. Be3
Ra8 18. a4 h6 19. axb5 axb5 20. Ra5 Bc6 21. Rea1 {1/2-1/2 (21) Vallejo Pons,F 
(2684)-Ivanchuk,V (2726) Berlin 2015}) (7... b5 8. Bb3 h6) 8. Be3 O-O 9. Nbd2 Qe7 $146 (
9... Ne7 10. Bxa7 Rxa7 11. d4 Ng6 12. Bb3 Qe7 13. Re1 Bd7 14. Nf1 Raa8 15. Ne3
Rae8 16. Nf5 Qd8 17. Ng3 Qe7 18. Qc2 c5 19. dxc5 dxc5 20. Bc4 b5 21. Bf1 c4 22.
a4 Qc5 23. h3 bxa4 24. Nd2 Bb5 25. Nb1 Nf4 26. Na3 g6 27. Rad1 Rd8 28. Rd2 h5
29. Re3 h4 30. Ne2 Nd3 31. Nc1 Nxf2 32. Rxd8 Nxh3+ 33. gxh3 Qxe3+ 34. Qf2 Qxf2+
35. Kxf2 Rxd8 {0-1 (35) Royset,P (2215)-Svetushkin,D (2576) Rethymnon 2011})
10. Bxc6 bxc6 11. Bxa7 Rxa7 12. d4 $14 {[%emt 0:03:37] Les Blancs ont le centre et des
pièces mieux placées} Nd7 $6 13. Re1 a5 14. Nc4 (14. a4 Nb6) 14... Nb6 15. Ne3 $16 f6 {[%emt 0:
08:49] Tient le centre mais la position Noire est assez passive} (15... exd4 $6
16. Nf5 (16. cxd4 Qxe4) 16... Bxf5 17. exf5 Qd7 18. f6 $1) 16. b3 Be6 17. Qd2 (17. Qc2) 17... a4 $132 18. b4 $1 a3 $1 19. Qd3 Qf7 20. Re2 Rb8 (20... Nc4 21. Nxc4 Bxc4)
21. Rd2 Nc4 22. Nxc4 Bxc4 23. Qe3 Raa8 24. h3 (24. Nh4 $5 ) 24... g6 25. Nh2 $1 Qe6 26. f4 {[%emt 0:07:49] Il
fallait peut-être préparer davantage cette poussée car les Noirs vont
obtenir du contre-jeu} (26. Ng4) 26... exd4 $1 27. Qxd4 c5 $1 28. bxc5 dxc5 29. Qf2 (29. Qxc5 Rb2 $36 (29...
Qxe4 $2 30. Rd4)) 29... Qxe4 30. Ng4 Ra6 31. Qxc5 Rc6 32. Qxa3 h5 33. Rd4 Qe2 34. Nf2 (34. Qa4 $5 Bb5 35. Qb3+ ) 34... Re6 (34... Bf7) 35. Qc5 Bxa2 36. Qxc7 $6 (36. Rd7 $142 Rbe8 37. Qxc7 $40) 36... Rbe8 37. Rad1 R6e7 38. Qc6 Kg7 39.
R4d2 Qc4 40. Qxc4 Bxc4 41. Rd7 Bb5 1/2-1/2

[Event "Plancoet op-A 10th"]
[Site "Plancoet"]
[Date "2013.08.01"]
[Round "6"]
[White "Lintchevski, Daniil"]
[Black "Mladenov, Plamen"]
[Result "1/2-1/2"]
[ECO "C78"]
[WhiteElo "2529"]
[BlackElo "2405"]
[Annotator "RR"]
[PlyCount "53"]
[EventDate "2013.07.28"]
[EventType "swiss"]
[EventRounds "9"]
[EventCountry "FRA"]
[SourceTitle "EXT 2017"]
[Source "ChessBase"]
[SourceDate "2016.10.25"]
[SourceVersion "1"]
[SourceVersionDate "2016.10.25"]
[SourceQuality "1"]
[TimeControl "40/5400+30:1800+30"]

1. e4 e5 2. Nf3 Nc6 3. Bb5 a6 4. Ba4 Nf6 5. O-O b5 6. Bb3 Bc5 (6... Be7) 7. d3
(7. c3) (7. a4) 7... O-O 8. a4 (8. c3) 8... Rb8 9. axb5 axb5 10. Nc3 (10. Bg5)
10... d6 11. Bg5 h6 12. Bxf6 Qxf6 13. Nd5 Qd8 {(=)} 14. c3 Bg4 15. h3 Bxf3 16.
Qxf3 b4 17. Bc4 Ne7 18. Ra6 Nxd5 19. Bxd5 bxc3 20. bxc3 Rb2 21. Ra2 Rxa2 $11
22. Bxa2 Bb6 23. Bd5 g6 24. Ra1 Kg7 25. Ra8 Qe7 26. Rxf8 Qxf8 27. g3 1/2-1/2